 Dungeon Sprint DCSS version 0.27.1 (webtiles) character file.

Game seed: 3117472240689979863

144 styxcanada the Covert (level 5, 0/28 HPs)
             Began as a Spriggan Brigand on Aug 28, 2021.
             Was an Initiate of Gozag.
             Splashed by an oklob sapling wizard's acid (16 damage)
             ... in the Dungeon (Sprint IV: "Fedhas' Mad Dash").
             The game lasted 00:01:23 (102 turns).

styxcanada the Covert (Spriggan Brigand)             Turns: 102, Time: 00:01:23

Health: 0/28       AC:  3    Str:  7    XL:     5   Next: 5%
Magic:  5/6        EV: 19    Int: 13    God:    Gozag
Gold:   107        SH:  0    Dex: 17    Spells: 4/4 levels left

rFire    . . .     SeeInvis +   a - +2 dagger
rCold    . . .     Faith    .   (shield restricted)
rNeg     . . .     Spirit   .   b - +0 robe
rPois    .         Reflect  .   (helmet restricted)
rElec    .         Harm     .   c - +0 cloak
rCorr    .         Rampage  .   (gloves unavailable)
Will     .....     NoTele   +   (boots unavailable)
Stlth    ++++++....             m - amulet of invisibility {+Inv}
HPRegen  0.09/turn              (no ring)
MPRegen  0.10/turn              (no ring)

@: very slightly contaminated, very quick
A: very small, no large weapons, unfitting armour, see invisible, speed 3
a: Renounce Religion, Evoke Invisibility, Potion Petition, Call Merchant, Bribe
Branch


You were in the Dungeon.
You worshipped Gozag.
Gozag was aware of your devotion.
You visited 1 branch You collected 107 gold pieces.

Inventory:

Hand Weapons
 a - a +2 dagger (weapon)
Missiles
 d - 7 poisoned darts (quivered)
 e - 2 curare-tipped darts
Armour
 b - a +0 robe (worn)
 c - a +0 cloak (worn)
Jewellery
 m - the amulet of invisibility (around neck) {+Inv}
   (You found it in the Dungeon)

   [amulet of nothing]

   +Inv:      It lets you turn invisible.
Scrolls
 k - a scroll of blinking
 l - a scroll of enchant armour {unknown}
Potions
 f - a potion of curing
 g - a potion of heal wounds
 h - a potion of haste
 i - 2 potions of magic
 j - a potion of berserk rage


   Skills:
 * Level 3.1 Fighting
 + Level 3.0 Short Blades
 + Level 3.4 Throwing
 * Level 4.5 Dodging
 * Level 13.3 Stealth
 + Level 0.5 Evocations


You had 4 spell levels left.
You didn't know any spells.
Your spell library was empty.

Dungeon Overview and Level Annotations

Branches:
Dungeon (1/1)

Altars:
Cheibriados
Dithmenos
Elyvilon
Gozag
Hepliaklqana
Kikubaaqudgha
Makhleb
Nemelex Xobeh
Okawaru
Qazlal
Ru
Sif Muna
Trog
Uskayaw
Vehumet
Wu Jian
Xom
Yredelemnul
Zin
The Shining One
Beogh
Jiyva
Lugonu

Annotations:
D exclusion: oklob sapling


Innate Abilities, Weirdness & Mutations

You are very small and have problems with some larger weapons.
You are too small for most types of armour.
You have supernaturally acute eyesight. (SInv)
You cover ground extremely quickly. (Speed+++)


Message History

Found a corrupted altar of Lugonu and a radiant altar of Vehumet.
There is a hazy altar of Hepliaklqana here.
The helpless oklob sapling priest fails to defend itself.
You spit the oklob sapling priest like a pig!!!
You destroy the oklob sapling priest!
Your Fighting skill increases to level 3!
Your Short Blades skill increases to level 3!
Your Dodging skill increases to level 4!
Your Stealth skill increases to level 13!
You have reached level 5!
You feel clever.
You now have 107 gold pieces (gained 45).
You flicker for a moment.
There is an iron altar of Okawaru here.
There is a stormy altar of Qazlal here.
You open the door.
An oklob sapling wizard comes into view.
Marking area around an oklob sapling as unsafe for travelling.
Found 17 gold pieces and a runed short sword.
There is an open door here.
You flicker back into view.
You hit the oklob sapling wizard but do no damage.
You hit the oklob sapling wizard.
The oklob sapling wizard is moderately damaged.
The oklob sapling wizard stares at you and mumbles some strange words.
The magic dart hits you.
You hit the oklob sapling wizard but do no damage.
The oklob sapling wizard is moderately damaged.
The oklob sapling wizard stares at you and mumbles some strange words.
The magic dart hits you.
You hit the oklob sapling wizard but do no damage.
The oklob sapling wizard is moderately damaged.
You hit the oklob sapling wizard but do no damage.
The oklob sapling wizard is moderately damaged.
You fail to use your ability.
The oklob sapling wizard spits acid at you.
The splash of acid hits you.
You are splashed with acid!
Ouch! That really hurt!
You die...
Your body crumbles into a pile of gold.

###################
.#.⌠._._._._.⌠.#.$+$
.'.._._._._._..'@P#$
$ $
.#..._._._._...#..#
$ $$
##.._._._._._..#.)#
$ #._._._._._.⌠.####
$############### $ $
$ $$ $


You could see an oklob sapling wizard.

Vanquished Creatures
  A scorpion (D)
  2 oklob saplings (D)
  A river rat (D)
  A rat (D)
5 creatures vanquished.

Vanquished Creatures (others)
  A fungus (D)
1 creature vanquished.

Grand Total: 6 creatures vanquished

Notes
Turn   | Place    | Note
-------+----------+-------------------------------------------
     0 | D        | styxcanada the Spriggan Brigand began the quest for the
                  | Orb.
     0 | D        | Reached XP level 1. HP: 10/10 MP: 2/2
    17 | D        | Reached skill level 7 in Stealth
    17 | D        | Reached XP level 2. HP: 15/15 MP: 3/3
    35 | D        | Reached skill level 8 in Stealth
    48 | D        | Noticed an oklob sapling
    50 | D        | Killed an oklob sapling
    51 | D        | Reached skill level 9 in Stealth
    51 | D        | Reached XP level 3. HP: 19/19 MP: 4/4
    52 | D        | Noticed a scorpion
    52 | D        | Found the amulet of invisibility {+Inv}
    54 | D        | Killed a scorpion
    55 | D        | Reached skill level 12 in Stealth
    55 | D        | Reached XP level 4. HP: 23/23 MP: 5/5
    76 | D        | Found an opulent altar of Gozag.
    76 | D        | Found a hazy altar of Hepliaklqana.
    76 | D        | Found a burning altar of Makhleb.
    76 | D        | Found a sparkling altar of Nemelex Xobeh.
    76 | D        | Found a snail-covered altar of Cheibriados.
    76 | D        | Found a sacrificial altar of Ru.
    76 | D        | Found a shimmering blue altar of Sif Muna.
    76 | D        | Found a shimmering altar of Xom.
    76 | D        | Found a basalt altar of Yredelemnul.
    77 | D        | Found a viscous altar of Jiyva.
    77 | D        | Found a bloodstained altar of Trog.
    77 | D        | Found an ornate altar of the Wu Jian Council.
    78 | D        | Found an iron altar of Okawaru.
    78 | D        | Found a shadowy altar of Dithmenos.
    78 | D        | Found a glowing silver altar of Zin.
    79 | D        | Found an ancient bone altar of Kikubaaqudgha.
    79 | D        | Found a hide-covered altar of Uskayaw.
    80 | D        | Found a stormy altar of Qazlal.
    80 | D        | Found a white marble altar of Elyvilon.
    80 | D        | Found a glowing golden altar of the Shining One.
    81 | D        | Became a worshipper of Gozag Ym Sagoz the Greedy
    82 | D        | Found a corrupted altar of Lugonu.
    82 | D        | Found a radiant altar of Vehumet.
    86 | D        | Reached skill level 13 in Stealth
    86 | D        | Reached XP level 5. HP: 28/28 MP: 3/6
   102 | D        | Splashed by an oklob sapling wizard's acid

Illustrated notes

Levels and vault maps discovered:
D:        dungeon_sprint_fedhas [sprint_temple]

Skill      XL: |  1  2  3  4 |
---------------+-------------+-----
Fighting       | 2 3 |  3.1
Dodging        | 2 3 4 |  4.5
Stealth        | 7 9 12 13 | 13.3
Throwing       | 3 |  3.4
Short Blades   | 3 |  3.0
Evocations     | |  0.5

Action                   |  1- 3 |  4- 6 || total
-------------------------+-------+-------++-------
Melee: Dagger            |    12 |     6 ||    18
Throw: Dart              |     8 |       ||     8
 Abil: Evoke Invisibilit |       |     1 ||     1
 Stab: Sleeping          |     2 |     1 ||     3
Dodge: Dodged            |     6 |       ||     6
